 Seeded DCSS version 0.30.1-3-gfc49f6343a (webtiles) character file.

Game seed: 10297664315456628470 (custom seed)

28 booth the Trooper (level 3, -1/29 HPs)
             Began as a Demonspawn Monk on Aug 8, 2023.
             Slain by a worm (3 damage)
             ... on level 1 of the Dungeon.
             The game lasted 00:03:25 (895 turns).

booth the Trooper (Demonspawn Monk)                  Turns: 895, Time: 00:03:26

Health: -1/29      AC:  2    Str: 13    XL:     3   Next: 0%
Magic:  3/3        EV: 13    Int: 11    God:
Gold:   68         SH:  0    Dex: 15    Spells: 2/2 levels left

rFire   . . .        a - +0 hand axe
rCold   . . .        d - orb {light}
rNeg    . . .        b - +0 robe
rPois   .            (no helmet)
rElec   .            (no cloak)
rCorr   .            (no gloves)
SInv    .            (no boots)
Will    .....        (no amulet)
Stlth   +            (no ring)
HPRegen 0.24/turn    (no ring)
MPRegen 0.08/turn

%: no passive effects
@: glowing
A: hooves 1
a: no special abilities


You were on level 1 of the Dungeon.
You visited 1 branch of the dungeon, and saw 2 of its levels.

You collected 68 gold pieces.

Inventory:

Hand Weapons
 a - a +0 hand axe (weapon)
Armour
 b - a +0 robe (worn)
 d - an orb of light (worn)
Scrolls
 f - a scroll of noise {unknown}
Potions
 c - a potion of ambrosia
 e - a potion of magic {unknown}


   Skills:
 + Level 3.4 Fighting
 + Level 3.1 Axes
 + Level 3.1 Dodging


You had 2 spell levels left.
You didn't know any spells.
Your spell library was empty.

Dungeon Overview and Level Annotations

Branches:
Dungeon (2/15)

Altars:

Shops:
D:1 (


Innate Abilities, Weirdness & Mutations

You have large cloven feet.


Message History

You hit the worm.
The worm is lightly wounded.
The worm closely misses you.
You hit the worm but do no damage. You hit the worm.
The worm is lightly wounded.
The worm bites you!
You hit the worm but do no damage.
The worm is lightly wounded.
You hit the worm. The worm closely misses you.
You hit the worm but do no damage. You kick the worm.
The worm is lightly wounded.
You hit the worm. x2; The worm bites you but does no damage.
The worm closely misses you.
There is a stone staircase leading up here.
Okay, then.
The worm barely misses you.
You climb upwards.
There is a stone staircase leading down here.
You hit the worm but do no damage. You kick the worm.
The worm is lightly wounded.
You hit the worm. The worm bites you!
You hit the worm. You kick the worm.
The worm is severely wounded.
You hit the worm. The worm closely misses you. x2
You slash the worm! You kick the worm.
The worm is severely wounded.
You hit the worm. The worm closely misses you.
You hit the worm but do no damage. You kick the worm, but do no damage.
The worm is severely wounded.
You hit the worm. The worm bites you.
You hit the worm but do no damage.
The worm is severely wounded.
You hit the worm. The worm bites you but does no damage. The worm bites you.
You hit the worm.
The worm is almost dead.
You hit the worm. The worm bites you!
* * * LOW HITPOINT WARNING * * *
The worm bites you.
You die...

##### #...# #...#
##...# ######
.....# #######....#
##.#####.....#....#
......†........w@.#
###
##.#.###.....#..w.#
##.## ##.#.#
#.....###.## #.).#
##### ##.#.#
#.....# #.#
##)####.... ##.#.#
#.....#
#.######...#.####.
#..#.# #######
#........#.#.# #.
##.#.#
#.########.#.# #.
##.#.# #.#
#......#.# #.
##.#.# #.#
#........# #.


You could see 2 worms.

Vanquished Creatures
  3 endoplasms (D:1)
  2 giant cockroaches (D:1)
  A goblin (D:1)
  A hobgoblin (D:1)
  2 jackals (D:1)
  3 kobolds (D:1)
  2 quokkas (D:1)
  5 ball pythons (D:1)
  4 bats
  A rat (D:1)
24 creatures vanquished.

Notes
Turn   | Place    | Note
-------+----------+-------------------------------------------
     0 | D:1      | booth the Demonspawn Monk began the quest for the Orb.
     0 | D:1      | Reached XP level 1. HP: 18/18 MP: 1/1
   122 | D:1      | Gained mutation: You have large cloven feet. [demonic
                  | ancestry]
   122 | D:1      | Reached XP level 2. HP: 15/24 MP: 2/2
   431 | D:1      | Found Jass's Weapon Boutique.
   866 | D:2      | Reached XP level 3. HP: 29/29 MP: 3/3
   895 | D:1      | Slain by a worm

Illustrated notes

Levels and vault maps discovered:
D:1:      psy_arrival_dodecagon, layout_basic, serial_shops,
          nicolae_shop_rolling_square, nrook_loot_triangle
D:2:      layout_basic, small_statue_intersection, hangedman_glass_teeth,
          nicolae_wormholes

Skill      XL: |  1  2 |
---------------+-------+-----
Dodging        | 3 |  3.1
Axes           | 3 |  3.1
Fighting       | |  3.4

Action                     || total
---------------------------++-------
  Melee: Hand axe          ||    62
         Kick              ||    11
    Use: Scroll            ||     1
         Potion            ||     1
 Armour: Robe              ||    11
  Dodge: Dodged            ||    54
